cohdb
Replays
Latest Replays
All Replays
Popular Replays
Top Player Replays
Match Explorer
How It Works
Community
CoH3 Stats
Reddit
Sign in to upload your games and track your stats! →
Sign in with Steam
Match 41561414
Unlisted
Match 41561414
Overview
Messages
Build Orders
End
Panzergrenadier Squad
Selects Battlefield Espionage Battlegroup
Panzergrenadier Squad
250 Light Carrier
Construct Light Support Kompanie
Assault Grenadier Squad
Selects Intel Disruption Beacon
Combat Half-tracks
Panzerjäger Mechanized Group
Selects Transfer Depots
Fire Support Elements
Selects 250/3 Funkpanzerwagen
Flakvierling Half-track
Panzerjäger Mechanized Group
MG34 Team
Construct Mechanized Kompanie
8 Rad Armored Car
Selects Advanced Ambush Training
StuG III D Assault Gun
Selects Firestorm
Advanced Field Repairs
Marder III Tank Destroyer
Panzerjäger Mechanized Group
Firestorm
Selects Operation Skorpion
2.5-tonne Medical Truck
Tungsten Core Ammunition
Construct Panzerarmee Kommand
WadoVice
Dead_Fish
0
0
Comments
sign in to comment!
No comments posted yet!